 Dungeon Crawl Stone Soup version 0.14.1-26-g5a19342 (webtiles) character file.

2484 Kae the Martial Artist (level 9, -5/59 HPs)
             Began as a Merfolk Transmuter on July 27, 2014.
             Was a Follower of Cheibriados.
             Slain by a killer bee (6 damage)
             ... on Level 7 of the Dungeon.
             The game lasted 00:14:32 (8904 turns).

Kae the Martial Artist (Merfolk Transmuter)         Turns: 8904, Time: 00:14:33

HP  -5/59        AC  2     Str 13      XL: 9   Next: 17%
MP  11/14        EV 22     Int 15      God: Cheibriados [*.....]
Gold 552         SH  0     Dex 26      Spells:  3 memorised,  6 levels left

rFire  . . .     SeeInvis .       - Unarmed
rCold  . . .     Clarity  .     c - melded +0 robe (curse)
rNeg   . . .     Conserve .     (shield currently unavailable)
rPois  x         rCorr    +     s - melded +2 helmet (curse)
rElec  .         rRot     .     (cloak currently unavailable)
SustAb . .       Spirit   .     (gloves currently unavailable)
rMut   .         Warding  .     (boots currently unavailable)
Saprov . . .     Stasis   .     v - cursed amulet of resist corrosion
MR     .....                    (no ring)
                                (no ring)

@: spider-form, lethally poisoned, very slightly contaminated, very slow, not
resistant to hostile enchantments, fairly stealthy
A: (change form in water), (swift swim)
a: End Transformation, Bend Time, Renounce Religion


You were on level 7 of the Dungeon.
You worshipped Cheibriados.
Cheibriados was aware of your devotion.
You were hungry.
You were in spider-form.
You visited 2 branches of the dungeon, and saw 8 of its levels.
You also visited: Ossuary.

You collected 552 gold pieces.

Inventory:

Missiles
 b - 12 arrows
Armour
 c - a cursed +0 robe (melded)
 s - a cursed +2 helmet (melded)
Magical devices
 E - a wand of confusion (11)
Comestibles
 a - 6 bread rations
 g - a meat ration
 o - 2 apples
 r - a choko
 t - a rotting chunk of orc flesh
Scrolls
 e - a scroll of teleportation
 h - 2 scrolls of enchant armour
 l - 9 scrolls of remove curse
 m - 7 scrolls of identify
 p - 3 scrolls of magic mapping
 u - 2 scrolls of blinking
 y - a scroll of vulnerability {unknown}
 A - a scroll of enchant weapon I
 C - a scroll of amnesia {unknown}
Jewellery
 v - a cursed amulet of resist corrosion (around neck)
 B - a cursed ring of teleportation
Potions
 f - 2 potions of restore abilities
 i - a potion of haste
 j - 6 potions of curing
 k - a potion of might
 n - 2 potions of flight {unknown}
 q - 4 potions of heal wounds
 w - 3 potions of resistance {unknown}
 x - a potion of brilliance {unknown}
 z - 2 potions of magic {unknown}
Books
 d - a book of Changes

   Spells                             Type                      Level
   *Beastly Appendage                 Transmutation                1
   *Sticks to Snakes                  Transmutation                2
   *Spider Form                       Transmutation/Poison         3
   Ice Form                           Ice/Transmutation            4
   Blade Hands                        Transmutation                5


   Skills:
 - Level 1.1 Fighting
 - Level 2.6 Dodging
 * Level 10.8 Unarmed Combat
 - Level 2.0 Spellcasting
 + Level 9.2 Transmutations


You had 6 spell levels left.
You knew the following spells:

 Your Spells              Type           Power        Failure   Level  Hunger
a - Beastly Appendage     Trmt           ####..       3%          1    #......
b - Sticks to Snakes      Trmt           ####......   4%          2    ###....
c - Spider Form           Trmt/Pois      ###.......   28%         3    ####...


Dungeon Overview and Level Annotations

Branches:
Dungeon (7/15)             Temple (1/1) D:5

Altars:
Cheibriados
Makhleb
The Shining One

Shops:
D:4 (


Message History

The killer bee completely misses you.
Drink which item? (? for menu, Esc to quit)
You feel better. The killer bee barely misses you.
The killer bee stings you but does no damage.
The killer bee barely misses you. The killer bee stings you.
You are poisoned.
The killer bee poisons you!
Casting: Spider Form
Confirm with . or Enter, or press ? or * to list all spells.
You turn into a venomous arachnid creature.
Your cursed +2 helmet melds into your body.
Your cursed +0 robe melds into your body.
You are feeling hungry.
You feel sick. The killer bee misses you. The killer bee stings you!
* * * LOW HITPOINT WARNING * * *
The killer bee stings you!
* * * LOW HITPOINT WARNING * * *
The killer bee barely misses you. The killer bee misses you.
The killer bee stings you.
You die...

#..# #..# #..# . #..#
..####..# ........#
.........#
..........##########
...........s..........
............kk.........
≈§§§..########..########
≈≈≈§.)#......#..#
§≈≈§..≈......#..#
≈§≈§§..≈...%..'..#
§§§§S..≈..B...#..#
§≈§§≈..§......#..#
≈≈≈§.........#..#


You could see 2 killer bees.

Vanquished Creatures
  A necrophage (D:6)
  2 ice beasts
  2 sky beasts
  An ogre (D:4)
  A centaur (D:6)
  A giant frog (D:6)
  A big kobold (D:6)
  3 scorpions
  A killer bee (D:7)
  2 jellies
  5 orc wizards
  3 hounds
  A centaur skeleton (D:6)
  3 orc priests
  Natasha (thrice) (D:6)
  5 worker ants
  A crocodile zombie (D:6)
  Ijyb (D:3)
  A big kobold zombie (Ossuary)
  Terence (D:3)
  10 mummies (Ossuary)
  3 gnolls (D:6)
  6 adders
  A shadow imp (D:5)
  3 worms
  An adder skeleton (D:4)
  A giant eyeball (D:6)
  2 oozes (D:4)
  25 orcs
  A ball python (D:3)
  8 bats
  A bat skeleton (D:5)
  A bat zombie (D:6)
  3 giant cockroaches
  A gnoll zombie (Ossuary)
  7 hobgoblins
  8 kobolds
  5 giant geckos
  5 giant newts
  13 goblins
  2 goblin skeletons (D:5)
  3 hobgoblin zombies (Ossuary)
  4 kobold zombies
  An orc skeleton (D:5)
  An orc zombie (D:5)
  3 quokkas
  14 rats
172 creatures vanquished.

Notes
Turn   | Place    | Note
--------------------------------------------------------------
     0 | D:1      | Kae, the Merfolk Transmuter, began the quest for the Orb.
     0 | D:1      | Reached XP level 1. HP: 15/15 MP: 3/3
   354 | D:1      | Reached XP level 2. HP: 21/21 MP: 4/4
  1038 | D:2      | Reached skill level 4 in Unarmed Combat
  1374 | D:2      | Reached XP level 3. HP: 26/26 MP: 4/6
  1916 | D:3      | Noticed Ijyb
  1935 | D:3      | Killed Ijyb
  2116 | D:3      | Noticed Terence
  2258 | D:3      | Reached XP level 4. HP: 30/32 MP: 7/7
  2324 | D:3      | Learned a level 2 spell: Sticks to Snakes
  2328 | D:3      | Learned a level 3 spell: Spider Form
  2406 | D:3      | Reached skill level 5 in Unarmed Combat
  2743 | D:3      | Found a glowing golden altar of the Shining One.
  2900 | D:3      | Killed Terence
  3095 | D:4      | Noticed an ogre
  3138 | D:4      | Found Phutoah's Weapon Boutique.
  3160 | D:4      | Reached XP level 5. HP: 33/37 MP: 7/9
  3863 | D:4      | Killed an ogre
  3863 | D:4      | Reached skill level 6 in Unarmed Combat
  3863 | D:4      | Reached skill level 5 in Transmutations
  3863 | D:4      | Reached XP level 6. HP: 43/43 MP: 6/10
  4629 | D:4      | Reached skill level 7 in Unarmed Combat
  4745 | D:5      | Entered Level 5 of the Dungeon
  4757 | D:5      | Reached XP level 7. HP: 22/48 MP: 12/12
  5877 | D:5      | Reached skill level 8 in Unarmed Combat
  6267 | D:5      | Found a staircase to the Ecumenical Temple.
  6279 | D:5      | Reached XP level 8. HP: 45/54 MP: 6/13
  6366 | D:6      | Paralysed by a giant eyeball for 2 turns
  6370 | D:6      | Paralysed by a giant eyeball for 3 turns
  6384 | D:6      | Paralysed by a giant eyeball for 2 turns
  6666 | Temple   | Entered the Ecumenical Temple
  6675 | Temple   | Became a worshipper of Cheibriados the Contemplative
  6791 | D:6      | Noticed Natasha
  6793 | D:6      | Killed Natasha
  6793 | D:6      | Reached skill level 9 in Unarmed Combat
  6892 | D:6      | Found a sand-covered staircase.
  6902 | Ossuary  | Entered an ossuary
  7582 | D:6      | Reached skill level 10 in Unarmed Combat
  7939 | D:6      | Noticed Natasha
  7951 | D:6      | Killed Natasha
  8372 | D:6      | Reached XP level 9. HP: 38/59 MP: 14/14
  8753 | D:6      | Noticed Natasha
  8763 | D:6      | Killed Natasha
  8900 | D:7      | HP: 2/59 [killer bee (5)]
  8904 | D:7      | Slain by a killer bee

Action                   |  1- 3 |  4- 6 |  7- 9 || total
-------------------------+-------+-------+-------++-------
Melee: Unarmed           |   129 |   174 |   411 ||   714
 Cast: Beastly Appendage |    14 |    13 |     3 ||    30
       Spider Form       |       |     3 |     6 ||     9
  Use: Potion            |       |     1 |     7 ||     8
       Scroll            |       |       |    13 ||    13
 Stab: Sleeping          |     1 |       |       ||     1
